 Dungeon Crawl Stone Soup version 0.28.0-62-gf88900778d (webtiles) character file.

Game seed: 14649711629225528148

101 jjjjhere the Magician (level 4, 0/24 HPs)
             Began as a Deep Elf Venom Mage on Mar 16, 2023.
             Slain by a hobgoblin (2 damage)
             ... led by Robin
             ... on level 3 of the Dungeon.
             The game lasted 00:03:34 (2446 turns).

jjjjhere the Magician (Deep Elf Venom Mage)         Turns: 2446, Time: 00:03:35

Health: 0/24       AC:  2    Str:  5    XL:     4   Next: 48%
Magic:  5/13       EV: 12    Int: 22    God:
Gold:   111        SH:  0    Dex: 15    Spells: 3/13 levels left

rFire   . . .      SeeInvis .   c - +0 dagger
rCold   . . .      Faith    .   (no shield)
rNeg    . . .      Spirit   .   a - +0 robe
rPois   .          Reflect  .   (no helmet)
rElec   .          Harm     .   (no cloak)
rCorr   .          Rampage  .   (no gloves)
Will    .....                   (no boots)
Stlth   ++........              i - amulet of the acrobat
HPRegen 0.08/turn               (no ring)
MPRegen 0.13/turn               (no ring)

@: lethally poisoned (0 -> -5), attractive, very slightly contaminated
A: no striking features
a: no special abilities


You were on level 3 of the Dungeon.
You visited 1 branch of the dungeon, and saw 3 of its levels.

You collected 111 gold pieces.

Inventory:

Hand Weapons
 c - a +0 dagger (weapon)
Missiles
 d - 28 sling bullets
 j - a throwing net
 k - 5 javelins
 o - 2 boomerangs
Armour
 a - a +0 robe (worn)
Jewellery
 i - an amulet of the acrobat (around neck)
Scrolls
 e - 2 scrolls of identify {unknown}
 f - a scroll of magic mapping {unknown}
 g - a scroll of noise {unknown}
 m - a scroll of teleportation {unknown}
Potions
 h - a potion of haste {unknown}
 l - a potion of ambrosia {unknown}
 n - a potion of lignification {unknown}


   Skills:
 - Level 2.4 Dodging
 + Level 2.8 Stealth
 + Level 5.0 Spellcasting
 - Level 1.1 Transmutations
 - Level 4.5 Poison Magic


You had 3 spell levels left.
You knew the following spells:

 Your Spells              Type           Power      Damage    Failure   Level
a - Sting                 Tmut/Pois      68%        1d6       3%          1
b - Poisonous Vapours     Pois/Air       30%        N/A       6%          2
c - Mephitic Cloud        Conj/Pois/Air  12%        N/A       16%         3
d - Olgreb's Toxic Radia  Pois           25%        N/A       16%         4

Your spell library contained the following spells:

 Spells                   Type           Power      Damage    Failure   Level


Dungeon Overview and Level Annotations

Branches:
Dungeon (3/15)

Altars:

Annotations:
D:2 1 runed translucent door, Crazy Yiuf
D:3 Jessica, Robin


Message History

Jessica the Apprentice Sorceress comes into view.
She is wielding a +0 club.
A goblin comes into view. It is wielding a +0 dagger.
You hear a shout!
Robin and 2 goblins come into view.
Robin shouts!
You hear a shout! x2
Robin throws the goblin at you!
Casting: Sting (safe; 3% risk of failure)
Confirm with . or Enter, or press ? or * to list all spells.
The spell is potentially lethal to miscast (16% risk of failure)!
Continue anyway?
You miscast Olgreb's Toxic Radiance.
You are very lightly contaminated with residual magic.
You feel incredibly sick.
You are poisoned.
The goblin shouts! x3
You feel sick.
You hear a shout!
A goblin comes into view. It is wielding a +0 dagger.
The goblin closely misses you.
Casting: Olgreb's Toxic Radiance (potentially lethal; 16% risk of failure)
Confirm with . or Enter, or press ? or * to list all spells.
The spell is potentially lethal to miscast (16% risk of failure)!
Continue anyway?
You miscast Olgreb's Toxic Radiance.
You feel rather nauseous for a moment!
You are more poisoned.
* * * LOW HITPOINT WARNING * * *
You feel sick.
An endoplasm comes into view.
The goblin barely misses you.
* * * LOW HITPOINT WARNING * * *
You feel sick. Robin throws the goblin at you!
* * * LOW HITPOINT WARNING * * *
The goblin misses you.
A ball python comes into view.
The goblin closely misses you.
It was a potion of attraction.
You feel attractive to monsters.
* * * LOW HITPOINT WARNING * * *
You feel sick.
A bullfrog comes into view.
The goblin barely misses you. The goblin misses you. The hobgoblin hits you.
You die...

####### . ####.....# ...
#.##.###.###
...@g#####....###...#####
..g.gggg@................
...#..ggg..########.#####
#.####### #.#.... #F
#.#.#.. J≈ ######.#....
#. ............. #
.######.###.. ........
..........


You could see a bullfrog (wandering), Robin, Jessica, a hobgoblin and 7 goblins.

Vanquished Creatures
  Terence (D:2)
  3 adders
  5 ball pythons
  5 endoplasms
  2 giant cockroaches (D:1)
  2 goblins (D:1)
  7 hobgoblins
  2 kobolds (D:3)
  3 quokkas
  5 bats
  5 frilled lizards (D:1)
  3 rats (D:1)
43 creatures vanquished.

Notes
Turn   | Place    | Note
-------+----------+-------------------------------------------
     0 | D:1      | jjjjhere the Deep Elf Venom Mage began the quest for the
                  | Orb.
     0 | D:1      | Reached XP level 1. HP: 10/10 MP: 6/6
   244 | D:1      | Reached XP level 2. HP: 15/15 MP: 5/8
   247 | D:1      | Learned a level 2 spell: Poisonous Vapours
   304 | D:1      | You fall into a shaft and drop 1 floor!
   528 | D:1      | Reached skill level 4 in Spellcasting
   592 | D:1      | Reached XP level 3. HP: 19/19 MP: 4/10
   712 | D:1      | Learned a level 3 spell: Mephitic Cloud
  1348 | D:2      | Noticed Terence
  1374 | D:2      | Killed Terence
  1375 | D:2      | Reached XP level 4. HP: 21/24 MP: 3/12
  1452 | D:2      | Learned a level 4 spell: Olgreb's Toxic Radiance
  1498 | D:2      | Found a runed translucent door.
  1499 | D:2      | Noticed Crazy Yiuf
  2037 | D:2      | Found a faded altar of an unknown god.
  2270 | D:3      | Reached skill level 5 in Spellcasting
  2441 | D:3      | Noticed Jessica
  2442 | D:3      | Noticed Robin
  2444 | D:3      | HP: 7/24 [poisoned by miscasting Olgreb's Toxic Radiance]
  2445 | D:3      | HP: 3/24 [Robin/goblin (2)]
  2446 | D:3      | Noticed a bullfrog
  2446 | D:3      | Slain by a hobgoblin

Illustrated notes

Levels and vault maps discovered:
D:1:      dpeg_arrival_stone_temple_mockup, layout_basic
D:2:      layout_rooms, chequers_ecumenical_altar_lobes, minmay_hedge_maze,
          minmay_tetromino_o4, uniq_terence, uniq_crazy_yiuf_cottage
D:3:      layout_basic, grunt_temple_overflow_gold_and_silver,
          dk_yredelemnul_ordeal, serial_shops, nicolae_shop_waterfront,
          uniq_ijyb, uniq_robin, uniq_jessica

Skill      XL: |  1  2  3  4 |
---------------+-------------+-----
Spellcasting   | 4 5 |  5.0
Poison Magic   | 4 |  4.5
Dodging        | |  2.4
Stealth        | |  2.8
Transmutations | |  1.1

Action                   |  1- 3 |  4- 6 || total
-------------------------+-------+-------++-------
Melee: Dagger            |     2 |    10 ||    12
 Cast: Sting             |    49 |    13 ||    62
       Poisonous Vapours |     5 |     4 ||     9
       Olgreb's Toxic Ra |       |     1 ||     1
  Use: Potion            |       |     1 ||     1
Armor: Robe              |     8 |     2 ||    10
Dodge: Dodged            |    18 |    18 ||    36
